 Dungeon Crawl Stone Soup version 0.30.1-4-g462c640d31 (webtiles) character file.

Game seed: 15932978209536448882

249 Peloso the Covered (level 5, -3/47 HPs)
             Began as a Minotaur Fighter on Sept 10, 2023.
             Slain by a mummy (12 damage)
             ... in an ossuary.
             The game lasted 00:05:12 (2919 turns).

Peloso the Covered (Minotaur Fighter)               Turns: 2919, Time: 00:05:12

Health: -3/47      AC:  8    Str: 20    XL:     5   Next: 87%
Magic:  4/4        EV:  9    Int:  5    God:
Gold:   156        SH:  5    Dex: 12    Spells: 4/4 levels left

rFire   . . .        a - +0 long sword
rCold   . . .        d - +0 buckler
rNeg    . . .        b - +0 scale mail
rPois   +            (helmet restricted)
rElec   .            c - +0 cloak
rCorr   .            (no gloves)
SInv    .            (no boots)
Will    .....        (no amulet) Stlth
                     q - ring of flight
HPRegen 0.27/turn    i - ring of poison resistance
MPRegen 0.09/turn

%: no passive effects
@: mighty, flying
A: horns 2, retaliatory headbutt
a: no special abilities


You were in an ossuary.
You visited 1 branch of the dungeon, and saw 4 of its levels.
You also visited: Ossuary.

You collected 156 gold pieces.

Inventory:

Hand Weapons
 a - a +0 long sword (weapon)
Armour
 b - a +0 scale mail (worn)
 c - a +0 cloak (worn)
 d - a +0 buckler (worn)
Jewellery
 i - a ring of poison resistance (right hand)
 l - a +6 ring of intelligence
 n - an amulet of the acrobat
 q - a ring of flight (left hand)
Scrolls
 e - 9 scrolls of identify {unknown}
 f - 2 scrolls of enchant weapon {unknown}
 g - a scroll of enchant armour {unknown}
 j - a scroll of fear {unknown}
 k - a scroll of magic mapping {unknown}
 p - 2 scrolls of acquirement {unknown}
 s - a scroll of silence {unknown}
 t - a scroll of brand weapon {unknown}
 v - a scroll of teleportation {unknown}
 x - a scroll of noise {unknown}
Potions
 h - a potion of degeneration {unknown}
 m - a potion of mutation {unknown}
 o - 2 potions of lignification {unknown}
 u - a potion of curing {unknown}
 w - a potion of haste {unknown}
 z - a potion of might


   Skills:
 + Level 4.6 Fighting
 + Level 4.7 Long Blades
 + Level 5.1 Armour
 + Level 1.0 Dodging
 + Level 4.6 Shields


You had 4 spell levels left.
You didn't know any spells.
Your spell library was empty.

Dungeon Overview and Level Annotations

Branches:
Dungeon (4/15)            Ossuary (1/1)
 Temple: D:4-7

Altars:

Shops:
D:2 ?   D:3 (


Innate Abilities, Weirdness & Mutations

You have a pair of horns on your head.
You reflexively headbutt those who attack you in melee.


Message History

The goblin zombie hits you but does no damage.
The mummy hits you but does no damage. The elf zombie hits you.
Unknown command.
You slash the elf zombie!
The elf zombie is moderately damaged.
The goblin zombie closely misses you.
The elf zombie hits you but does no damage.
Unknown command.
You barely miss the elf zombie. You headbutt the elf zombie!
The elf zombie is heavily damaged.
You block the mummy's attack. The goblin zombie hits you.
The elf zombie hits you.
* * * LOW HITPOINT WARNING * * *
Unknown command.
You closely miss the elf zombie. Your headbutt misses the elf zombie.
The elf zombie is heavily damaged.
The mummy barely misses you. The goblin zombie barely misses you.
The elf zombie closely misses you.
Unknown command.
You slash the elf zombie!
The elf zombie is heavily damaged.
The goblin zombie barely misses you.
Unknown command.
You barely miss the elf zombie.
The elf zombie is heavily damaged.
The elf zombie hits you.
* * * LOW HITPOINT WARNING * * *
The mummy barely misses you.
Unknown command.
You hit the elf zombie.
The elf zombie is severely damaged.
You block the goblin zombie's attack. The elf zombie barely misses you.
You furiously retaliate!
You headbutt the elf zombie!! The mummy hits you.
* * * LOW HITPOINT WARNING * * *
Unknown command.
You hit the elf zombie.
You destroy the elf zombie!
The goblin zombie hits you but does no damage.
The mummy hits you!
You die...

#....... #......
...........
#.....##...........
#.....##...........
#..................
#..................
#..#............Z..
#..##..........∩...
#∩@##..........∩...
#ZM##........Z.....
#ZZ#.........Z...Z.
#ZZZ...Z...........
#.....##.Z.........
#....Z##...........
#....Z.Z..Z.Z......
#......Z...........
##+#.........#####.


You could see a mummy, a rat zombie, a goblin zombie, a hobgoblin zombie, a
kobold zombie, an elf zombie and a human zombie.

Vanquished Creatures
  An elf zombie (Ossuary)
  2 orc priests
  An iguana (D:4)
  A hound zombie (Ossuary)
  A mummy (Ossuary)
  3 gnolls (D:4)
  2 adders (D:3)
  2 worms (D:2)
  3 dart slugs
  3 orcs (D:2)
  7 endoplasms
  2 giant cockroaches (D:2)
  4 hobgoblins
  6 jackals
  6 kobolds
  7 quokkas
  4 ball pythons
  7 bats
  4 frilled lizards
  A gnoll zombie (Ossuary)
  4 goblins
  A jackal zombie (Ossuary)
  7 rats
79 creatures vanquished.

Vanquished Creatures (others)
  A bat (D:1)
1 creature vanquished.

Grand Total: 80 creatures vanquished

Notes
Turn   | Place    | Note
-------+----------+-------------------------------------------
     0 | D:1      | Peloso the Minotaur Fighter began the quest for the Orb.
     0 | D:1      | Reached XP level 1. HP: 19/19 MP: 0/0
   122 | D:1      | Reached XP level 2. HP: 22/27 MP: 1/1
   469 | D:1      | Reached skill level 4 in Armour
   612 | D:1      | Found a faded altar of an unknown god.
   889 | D:1      | You fall into a shaft and drop 1 floor!
  1119 | D:2      | Found Rodymywk's Magic Scroll Shoppe.
  1131 | D:2      | Reached XP level 3. HP: 33/33 MP: 2/2
  2057 | D:3      | Found Edwae's Antique Weapon Shoppe.
  2083 | D:3      | Reached XP level 4. HP: 33/40 MP: 3/3
  2388 | D:3      | Reached skill level 1 in Dodging
  2388 | D:3      | Reached XP level 5. HP: 27/47 MP: 4/4
  2819 | D:4      | Found a sand-covered staircase.
  2875 | Ossuary  | Entered an ossuary
  2896 | Ossuary  | Reached skill level 5 in Armour
  2919 | Ossuary  | Slain by a mummy

Illustrated notes

Levels and vault maps discovered:
D:1:      dpeg_arrival_simpleton_b, layout_basic,
          chequers_ecumenical_altar_twisty
D:2:      minmay_razor_zed, layout_loops_ring, serial_shops, shop, hex_large
D:3:      layout_rooms, serial_shops, nicolae_shop_peninsula
D:4:      layout_gridville, chequers_ossuary_entry_cave
Ossuary:  ossuary_minmay_tomb_2a

Skill      XL: |  1  2  3  4  5 |
---------------+----------------+-----
Fighting       | 4 |  4.6
Armour         | 4 5 |  5.1
Long Blades    | 3 4 |  4.7
Shields        | 4 |  4.6
Dodging        | 1 |  1.0

Action                     |  1- 3 |  4- 6 || total
---------------------------+-------+-------++-------
  Melee: Long sword        |   110 |    93 ||   203
         Headbutt          |     9 |    18 ||    27
    Use: Potion            |       |     5 ||     5
 Armour: Scale mail        |    72 |    66 ||   138
  Dodge: Dodged            |    72 |    65 ||   137
  Block: Buckler           |    36 |    32 ||    68
